 Dungeon Crawl Stone Soup version 0.24-a0-699-g5a66b1aa3b (webtiles) character file.

Game seed: 1528420797424201499, levelgen mode: deterministic

7 MisterOstroum the Vexing (level 2, -3/21 HPs)
             Began as a Human Enchanter on Sept 28, 2019.
             Slain by an adder (4 damage)
             ... on level 2 of the Dungeon.
             The game lasted 00:01:11 (461 turns).

MisterOstroum the Vexing (Human Enchanter)           Turns: 461, Time: 00:01:12

Health: -3/21      AC:  2    Str:  8    XL:     2   Next: 10%
Magic:  0/5        EV: 12    Int: 15    God:
Gold:   7          SH:  0    Dex: 13    Spells: 2/5 levels left

rFire    . . .     SeeInvis .   a - +1 dagger
rCold    . . .     Gourm    .   (no shield)
rNeg     . . .     Faith    .   b - +0 robe
rPois    .         Spirit   +   (no helmet)
rElec    .         Reflect  .   c - scarf {Spirit}
rCorr    .         Harm     .   (no gloves)
MR       .....                  (no boots)
Stlth    ++........             (no amulet)
HPRegen  0.07/turn              (no ring)
MPRegen  0.09/turn              (no ring)

@: no status effects
A: no striking features
a: no special abilities


You were on level 2 of the Dungeon.
You were not hungry.

You visited 1 branch of the dungeon, and saw 3 of its levels.

You collected 7 gold pieces.

Inventory:

Hand Weapons
 a - a +1 dagger (weapon)
Missiles
 d - 50 stones (quivered)
Armour
 b - a +0 robe (worn)
 c - a scarf of spirit shield (worn)
Comestibles
 e - a ration


   Skills:
 + Level 1.6 Fighting
 - Level 1.0 Short Blades
 - Level 2.0 Dodging
 - Level 3.0 Stealth
 - Level 2.0 Spellcasting
 - Level 3.0 Hexes


You had 2 spell levels left.
You knew the following spells:

 Your Spells              Type           Power        Failure   Level  Hunger
a - Corona                Hex            ##.....      6%          1    #......
b - Ensorcelled Hibernat  Hex/Ice        #.....       19%         2    ###....

Your spell library contained the following spells:

 Spells                   Type           Power        Failure   Level  Hunger
 Confuse                  Hex            ##......     19%         3    ###....
 Tukima's Dance           Hex            ##......     19%         3    ###....
 Dazzling Spray           Conj/Hex       #.....       34%         3    ###....


Dungeon Overview and Level Annotations

Branches:
Dungeon (3/15)

Altars:

Annotations:
D:3 Sigmund


Message History

The hobgoblin is severely wounded.
The hobgoblin misses you.
You completely miss the hobgoblin.
The hobgoblin is severely wounded.
The hobgoblin hits you.
You hit the hobgoblin but do no damage.
The hobgoblin is severely wounded.
The hobgoblin hits you but does no damage.
You hit the hobgoblin.
The hobgoblin is almost dead.
The hobgoblin barely misses you.
You hit the hobgoblin but do no damage.
The hobgoblin is almost dead.
The hobgoblin stops glowing.
The hobgoblin hits you.
You hit the hobgoblin.
You kill the hobgoblin!
You have reached level 2!
You see here 50 stones.
d - 50 stones Memorise Ensorcelled Hibernation, consuming 2 spell levels and leaving 2?
You start memorising the spell.
You continue memorising. x2
You finish memorising.
Spell assigned to 'b'.
You start resting.
Magic restored.
You start resting.
Some of the chunks of flesh in your inventory have rotted away.
HP restored.
All of the chunks of flesh in your inventory have rotted away.
A goblin comes into view. It is wielding a +0 dagger.
There are monsters nearby!
A kobold and Sigmund come into view.
Sigmund is wielding a +5 scythe of venom.
Found a stone staircase leading down.
Found an embroidered scarf.
A bat comes into view.
You see here an embroidered scarf.
c - an embroidered scarf The helpless bat fails to defend itself.
You puncture the bat!
You kill the bat!
No target in view!
Wear which item? (? for menu, Esc to quit)
You start putting on your armour.
You continue putting on your embroidered scarf. x4
You finish putting on your scarf of spirit shield.
You feel your power drawn to a protective spirit.
You start resting.
Magic restored.
The hobgoblin is too close now for your liking.
A hobgoblin is nearby!
There is a stone staircase leading up here.
You climb upwards.
The adder hisses angrily.
There is a stone staircase leading down here.
A giant cockroach comes into view.
A rat comes into view.
Casting: Corona (safe; 6% risk of failure)
Confirm with . or Enter, or press ? or * to list all spells.
Aiming: Ensorcelled Hibernation (safe; 19% risk of failure)
Press: ? - help, Shift-Dir - straight line, f - adder
Aim: an adder (chance to defeat MR: 47%)
The adder resists with some effort.
Casting: Ensorcelled Hibernation (safe; 19% risk of failure)
Confirm with . or Enter, or press ? or * to list all spells.
Aiming: Ensorcelled Hibernation (safe; 19% risk of failure)
Press: ? - help, Shift-Dir - straight line, f/p - adder
Aim: an adder (chance to defeat MR: 47%)
The adder resists with some effort.
The adder barely misses you.
Casting: Ensorcelled Hibernation (safe; 19% risk of failure)
Confirm with . or Enter, or press ? or * to list all spells.
You don't have enough magic to cast that spell.
You closely miss the adder. The adder bites you.
You hit the adder.
The adder is lightly wounded.
The adder barely misses you. The adder bites you.
You closely miss the adder.
The adder is lightly wounded.
The adder bites you.
You hit the adder.
The adder is moderately wounded.
The adder barely misses you. The rat bites you.
You hit the adder.
The adder is heavily wounded.
The adder bites you. The rat closely misses you.
You miss the adder.
The adder is heavily wounded.
The adder bites you.
* * * LOW HITPOINT WARNING * * *
The rat bites you.
* * * LOW HITPOINT WARNING * * *
The adder barely misses you.
You hit the adder.
The adder is severely wounded.
The adder bites you.
* * * LOW HITPOINT WARNING * * *
The rat bites you but does no damage.
You hit the adder.
The adder is severely wounded.
The adder bites you.
You die...

..........#
.............###.
..................
>..K...........#...
........#..........
.........#......#..#
..................##
............@r.....#
...........S#.......
.
.......#>.##.......
.. #..#...## #####..
...###.#..#.##.# .
.............?# ..
.##..........#
....##.......####
.........#####


You could see an adder and a rat.

Vanquished Creatures
  2 bats
  2 hobgoblins (D:3)
  A quokka (D:3)
  A frilled lizard (D:3)
  A rat (D:3)
7 creatures vanquished.

Notes
Turn   | Place    | Note
-------+----------+-------------------------------------------
     0 | D:1      | MisterOstroum the Human Enchanter began the quest for the
                  | Orb.
     0 | D:1      | Reached XP level 1. HP: 13/13 MP: 3/3
    38 | D:1      | You fall into a shaft and drop 1 floor!
    68 | D:3      | Reached skill level 1 in Fighting
   122 | D:3      | Reached XP level 2. HP: 7/21 MP: 3/5
   128 | D:3      | Learned a level 2 spell: Ensorcelled Hibernation
   351 | D:3      | Noticed Sigmund
   460 | D:2      | HP: 1/21 [adder (2)]
   461 | D:2      | Slain by an adder

Levels and vault maps discovered:
D:1:      doesnt_arrival_eight_statues, layout_loops_ring
D:2:      layout_rooms, uniq_jessica, uniq_crazy_yiuf_cottage, uniq_robin
D:3:      layout_loops_ring, chequers_ecumenical_altar_simple,
          minmay_misc_feat_tiny, uniq_grinder, uniq_sigmund

Skill      XL: |  1 |
---------------+----+-----
Fighting       | 1 |  1.6
Short Blades   | |  1.0
Dodging        | |  2.0
Stealth        | |  3.0
Spellcasting   | |  2.0
Hexes          | |  3.0

Action                   || total
-------------------------++-------
Melee: Dagger            ||    27
 Cast: Corona            ||     1
       Ensorcelled Hiber ||     2
 Stab: Sleeping          ||     2
Armor: Robe              ||     6
Dodge: Dodged            ||    22

Table legend:
 A = Non-vault XP
 B = Vault XP
 C = Vault XP percentage of total XP
 D = Non-vault monster count
 E = Vault monster count
 F = Vault count percentage of total count
                 A         B        C        D         E       F
            +---------+---------+-------+---------+---------+-------
      Total |      11 |       0 |   0.0 |       7 |       0 |   0.0
            +---------+---------+-------+---------+---------+-------
        D:1 |       2 |       0 |   0.0 |       1 |       0 |   0.0
        D:3 |       9 |       0 |   0.0 |       6 |       0 |   0.0
            +---------+---------+-------+---------+---------+-------
